Map: Tours du crépuscule

Players

pupu

  • Race: Protoss Protoss
  • League: Silver

FILIN - Winner!

  • Race: Protoss Protoss
  • League: Silver

VOD

Have the link to the VOD?

Description

Time

  • Played on: April 5, 2016, 1:55 p.m.
  • Length: 7:01
Show
View Real Time Build Order
Export as new Build Order

pupu Protoss 

Build Orders: 1 Gate Expand 

Get SALT Encoding   

  12  0:01  Probe (Chrono Boost)  
  13  0:11  Probe (Chrono Boost)  
  14  0:22  Probe (Chrono Boost)  
  14  0:24  Pylon  
  16  0:42  Probe (Chrono Boost)  
  16  0:46  Gateway  
  16  0:53  Probe (Chrono Boost)  
  16  0:55  Assimilator  
  17  1:03  Probe (Chrono Boost)  
  18  1:19  Nexus  
  18  1:22  Probe (Chrono Boost)  
  19  1:34  Cybernetics Core  
  11  2:22  Stalker (Chrono Boost)  
  11  2:45  Probe  
  12  3:00  Stalker (Chrono Boost)  
  14  3:22  Probe  
  15  3:34  Probe  
  15  3:40  Warp Gate (Chrono Boost)  
  16  3:44  Zealot  
  16  3:46  Probe  
  19  3:58  Probe  
  20  4:10  Probe (Chrono Boost)  
  21  4:17  Zealot (Chrono Boost)  
  23  4:35  Gateway  
  23  4:36  Gateway  
  23  4:39  Pylon  
  23  4:43  Probe (Chrono Boost)  
  24  4:51  Stalker  
  24  5:14  Pylon  
  24  5:19  Probe (Chrono Boost)  
  25  5:32  Assimilator  
  25  5:33  Probe (Chrono Boost)  
  26  5:40  Probe (Chrono Boost)  
  27  5:48  Stargate  
  27  5:50  Probe (Chrono Boost)  
  27  5:55  Assimilator  
  28  5:58  Probe (Chrono Boost)  
  28  6:01  Probe (Chrono Boost)  
  30  6:04  Zealot  
  34  6:13  Probe (Chrono Boost)  
  34  6:14  Probe (Chrono Boost)  
  36  6:24  Probe x2 (Chrono Boost)  
  36  6:38  Pylon  
  36  6:40  Probe (Chrono Boost)  
  36  6:42  Probe  
  40  6:54  Assimilator  
Show
View Real Time Build Order
Export as new Build Order

FILIN Protoss - Winner!

Build Orders: Cannon Rush 

Get SALT Encoding   

  12  0:09  Pylon  
  12  0:13  Probe (Chrono Boost)  
  13  0:23  Probe (Chrono Boost)  
  14  0:31  Forge  
  14  0:35  Probe (Chrono Boost)  
  15  0:45  Probe (Chrono Boost)  
  16  0:56  Probe (Chrono Boost)  
  17  1:08  Pylon  
  17  1:13  Pylon  
  17  1:27  Photon Cannon  
  17  1:29  Photon Cannon  
  17  1:32  Photon Cannon  
  17  1:41  Photon Cannon  
  17  2:07  Pylon  
  17  2:13  Pylon  
  16  2:23  Assimilator  
  16  2:27  Gateway  
  16  2:33  Assimilator  
  16  2:39  Pylon  
  16  2:42  Pylon  
  16  2:45  Probe (Chrono Boost)  
  17  2:56  Probe (Chrono Boost)  
  18  3:06  Probe (Chrono Boost)  
  19  3:17  Probe (Chrono Boost)  
  19  3:18  Cybernetics Core  
  19  3:27  Probe (Chrono Boost)  
  20  3:35  Photon Cannon  
  20  3:37  Photon Cannon  
  20  3:38  Probe (Chrono Boost)  
  21  3:43  Pylon  
  21  3:46  Pylon  
  22  3:48  Probe (Chrono Boost)  
  22  3:53  Pylon  
  22  4:09  Stargate  
  22  4:16  Stargate  
  22  4:35  Pylon  
  22  4:39  Photon Cannon  
  22  4:42  Pylon  
  22  4:47  Pylon  
  26  5:07  Void Ray (Chrono Boost)  
  26  5:20  Void Ray (Chrono Boost)  
  30  5:48  Nexus  
  30  5:55  Pylon  
  34  6:19  Void Ray (Chrono Boost)  
Tags
 
Add a new tag
Caveats
  • Supply blocks, unpowered buildings, or Contaminate may cause inaccurate times.
  • Supply counts are checked every 10 seconds.